 Dungeon Crawl Stone Soup version 0.23.2-40-g277498a001 (webtiles) character file.

Game seed: 1886020453095199559

190 Curus the Spear-Bearer (level 5, 0/38 HPs)
             Began as a Merfolk Gladiator on Sept 26, 2019.
             Slain by an adder (4 damage)
             ... on level 3 of the Dungeon.
             The game lasted 00:09:32 (2085 turns).

Curus the Spear-Bearer (Merfolk Gladiator)          Turns: 2085, Time: 00:09:33

Health: 0/38       AC:  5    Str: 14    XL:     5   Next: 69%
Magic:  5/5        EV: 14    Int:  7    God:
Gold:   149        SH:  0    Dex: 17    Spells: 4/4 levels left

rFire    . . .     SeeInvis .   a - +1 trident
rCold    . . .     Gourm    .   (no shield)
rNeg     + . .     Faith    .   b - +0 leather armour
rPois    .         Spirit   .   c - +0 helmet
rElec    .         Reflect  .   (no cloak)
rCorr    .         Harm     .   (no gloves)
MR       .....                  i - +0 pair of boots
Stlth    +.........             (no amulet)
HPRegen  0.12/turn              h - ring of positive energy
MPRegen  0.09/turn              (no ring)

@: no status effects
A: change form in water, swift swim, stealthy swim
a: no special abilities


You were on level 3 of the Dungeon.
You were not hungry.

You visited 1 branch of the dungeon, and saw 3 of its levels.

You collected 149 gold pieces.

Inventory:

Hand Weapons
 a - a +1 trident (weapon)
Missiles
 d - 3 throwing nets (quivered)
Armour
 b - a +0 leather armour (worn)
 c - a +0 helmet (worn)
 i - a +0 pair of boots (worn)
Jewellery
 h - a ring of positive energy (left hand)
Scrolls
 g - 4 scrolls of identify
Potions
 e - a potion of curing
Comestibles
 f - 5 rations


   Skills:
 - Level 2.1 Fighting
 + Level 9.0 Polearms
 - Level 2.0 Throwing
 - Level 4.0 Dodging


You had 4 spell levels left.
You didn't know any spells.
Your spell library contained the following spells:

 Spells                   Type           Power        Failure   Level  Hunger
 Magic Dart               Conj           #...         52%         1    ##.....
 Blink                    Tloc           N/A          65%         2    ###....
 Call Imp                 Summ           #.......     65%         2    ###....
 Slow                     Hex            #.......     65%         2    ###....
 Conjure Flame            Conj/Fire      #.......     87%         3    ####...
 Mephitic Cloud           Conj/Pois/Air  #.......     87%         3    ####...


Dungeon Overview and Level Annotations

Branches:
Dungeon (3/15)

Altars:
Vehumet


Message History

* * * LOW HITPOINT WARNING * * *
The adder bites you.
* * * LOW HITPOINT WARNING * * *
You hit the adder but do no damage.
The adder is heavily wounded.
The adder barely misses you.
You closely miss the adder.
The adder is heavily wounded.
The adder bites you but does no damage.
You closely miss the adder.
The adder is heavily wounded.
The adder bites you but does no damage.
You miss the adder.
The adder is heavily wounded.
The adder bites you.
* * * LOW HITPOINT WARNING * * *
You miss the adder.
The adder is heavily wounded.
The adder bites you.
You die...

#####################
*#......((KS@........#
*.......############.########
*****.......* #.##.....#
,,,,,....<..* #.##.....#
****,.......* #.##.....#
*,...{...* #.##.....#
*,.......* #.##......
*,.......* #.##......
*,*,****** #.##......


You could see an adder and a kobold.

Vanquished Creatures
  A sky beast (D:3)
  4 adders
  2 worms (D:2)
  A dart slug (D:1)
  2 leopard geckos
  2 giant cockroaches
  4 goblins
  9 hobgoblins
  4 jackals (D:3)
  A quokka (D:2)
  2 ball pythons
  7 bats
  5 frilled lizards
  4 kobolds
  6 rats
54 creatures vanquished.

Notes
Turn   | Place    | Note
-------+----------+-------------------------------------------
     0 | D:1      | Curus the Merfolk Gladiator began the quest for the Orb.
     0 | D:1      | Reached XP level 1. HP: 16/16 MP: 1/1
   300 | D:1      | Reached skill level 5 in Polearms
   311 | D:1      | Reached XP level 2. HP: 22/22 MP: 2/2
   737 | D:1      | Reached skill level 6 in Polearms
   737 | D:1      | Reached XP level 3. HP: 24/27 MP: 3/3
  1150 | D:2      | Reached XP level 4. HP: 18/33 MP: 4/4
  1161 | D:2      | Reached skill level 7 in Polearms
  1965 | D:3      | Found a radiant altar of Vehumet.
  2058 | D:3      | Noticed a sky beast
  2079 | D:3      | Killed a sky beast
  2079 | D:3      | Reached skill level 9 in Polearms
  2079 | D:3      | Reached XP level 5. HP: 10/38 MP: 5/5
  2085 | D:3      | Slain by an adder

Skill      XL: |  1  2  3  4 |
---------------+-------------+-----
Polearms       | 5 6 9 |  9.0
Fighting       | |  2.1
Throwing       | |  2.0
Dodging        | |  4.0

Action                   |  1- 3 |  4- 6 || total
-------------------------+-------+-------++-------
Melee: Trident           |   113 |    94 ||   207
  Use: Potion            |     3 |       ||     3
       Scroll            |     4 |     1 ||     5
 Stab: Sleeping          |     2 |     1 ||     3
  Eat: Chunk             |     1 |     3 ||     4
Armor: Leather armour    |    14 |    24 ||    38
Dodge: Dodged            |    45 |    73 ||   118
